 Dungeon Crawl Stone Soup version 0.25-a0-306-g3faca94807 (webtiles) character file.

Game seed: 13582460272228223751, levelgen mode: deterministic

11 Redear the Skirmisher (level 2, -2/24 HPs)
             Began as a Mummy Monk on Dec 21, 2019.
             Slain by a goblin (4 damage)
             ... on level 1 of the Dungeon.
             The game lasted 00:00:44 (406 turns).

Redear the Skirmisher (Mummy Monk)                   Turns: 406, Time: 00:00:45

Health: -2/24      AC:  0    Str: 14    XL:     2   Next: 17%
Magic:  2/2        EV: 13    Int:  9    God:
Gold:   0          SH:  0    Dex: 14    Spells: 1/1 levels left

rFire    x . .     SeeInvis .     - Unarmed
rCold    + . .     Gourm    .   (no shield)
rNeg     + + +     Faith    .   (no armour)
rPois    ∞         Spirit   .   (no helmet)
rElec    .         Reflect  .   (no cloak)
rCorr    .         Harm     .   (no gloves)
MR       .....                  (no boots)
Stlth    ++........             (no amulet)
HPRegen  0.08/turn              (no ring)
MPRegen  0.08/turn              (no ring)

@: no status effects
A: no food or potions, fire vulnerability, cold resistance 1, negative energy
resistance 3, torment resistance, unbreathing
a: no special abilities


You were on level 1 of the Dungeon.
You were not hungry.

You visited 1 branch of the dungeon, and saw 1 of its levels.

Inventory:

Jewellery
 b - an uncursed ring of ice {rC+ rF-}
Scrolls
 a - a scroll of magic mapping {unknown}
 c - a scroll of blinking {unknown}


   Skills:
 + Level 3.2 Fighting
 + Level 2.6 Dodging
 - Level 1.5 Stealth
 + Level 2.6 Unarmed Combat


You had one spell level left.
You didn't know any spells.
Your spell library was empty.

Dungeon Overview and Level Annotations

Branches:
Dungeon (1/15)

Altars:
Cheibriados


Innate Abilities, Weirdness & Mutations

You do not eat or drink.
Your flesh is vulnerable to fire.
You are immune to poison.
Your flesh is cold resistant. (rC+)
You are immune to negative energy. (rN+++)
You are immune to unholy pain and torment.
You can survive without breathing.


Message History

You are too injured to fight recklessly!
You are too injured to fight recklessly!
You are too injured to fight recklessly!
You closely miss the goblin. The goblin misses you.
You hit the goblin.
The goblin is severely wounded.
The goblin barely misses you.
You barely miss the goblin.
The goblin is severely wounded.
The goblin closely misses you.
You barely miss the goblin.
The goblin is severely wounded.
The goblin hits you.
* * * LOW HITPOINT WARNING * * *
The goblin hits you with a +0 club.
* * * LOW HITPOINT WARNING * * *
You hit the goblin.
You kill the goblin!
The goblin hits you.
You die...

.##...................#
..###.#...............#
#..##.##..##..........#
##.##.###..>.....†....#
......# #....#.#........
.#....###._....#########
.##...%##...#.#####
†.#............(..###
#..#.#...####...@g..#
##.#....## #####K#.###.
#......# #.r.......
#####.................$#
...................#
###.#.######........#
#.#.# #........#
#........# #........#


You could see a goblin, a kobold and a rat.

Vanquished Creatures
  A leopard gecko (D:1)
  2 giant cockroaches (D:1)
  A goblin (D:1)
  A ball python (D:1)
  2 bats (D:1)
  2 frilled lizards (D:1)
  3 rats (D:1)
12 creatures vanquished.

Notes
Turn   | Place    | Note
-------+----------+-------------------------------------------
     0 | D:1      | Redear the Mummy Monk began the quest for the Orb.
     0 | D:1      | Reached XP level 1. HP: 18/18 MP: 1/1
   278 | D:1      | Found a snail-covered altar of Cheibriados.
   293 | D:1      | Reached XP level 2. HP: 19/24 MP: 2/2
   405 | D:1      | HP: 2/24 [goblin/+0 club (5)]
   406 | D:1      | Slain by a goblin

Levels and vault maps discovered:
D:1:      nicolae_arrival_memento_mori, layout_rooms, cheibriados_altar_1

Action                   || total
-------------------------++-------
Melee: Unarmed           ||    49
       Punch             ||     1
 Stab: Sleeping          ||     1
Dodge: Dodged            ||    47

Table legend:
 A = Non-vault XP
 B = Vault XP
 C = Vault XP percentage of total XP
 D = Non-vault monster count
 E = Vault monster count
 F = Vault count percentage of total count
                 A         B        C        D         E       F
            +---------+---------+-------+---------+---------+-------
      Total |      17 |       0 |   0.0 |      12 |       0 |   0.0
            +---------+---------+-------+---------+---------+-------
        D:1 |      17 |       0 |   0.0 |      12 |       0 |   0.0
            +---------+---------+-------+---------+---------+-------
